 Dungeon Crawl Stone Soup version 0.29-a0-555-g3b24f45cc1 (webtiles) character file.

Game seed: 11835373688394156496

85 oldriver the Grave Robber (level 4, 0/36 HPs)
             Began as a Ghoul Necromancer on June 7, 2022.
             Slain by an iguana (10 damage)
             ... on level 4 of the Dungeon.
             The game lasted 00:03:07 (2869 turns).

oldriver the Grave Robber (Ghoul Necromancer)       Turns: 2869, Time: 00:03:09

Health: 0/36       AC:  3    Str: 11    XL:     4   Next: 48%
Magic:  7/8        EV: 12    Int: 12    God:
Gold:   64         SH:  0    Dex:  9    Spells: 8/9 levels left

rFire   . . .      SeeInvis .   k - +3 dagger
rCold   + . .      Faith    .   (no shield)
rNeg    + + +      Spirit   .   a - +0 robe
rPois   ∞          Reflect  .   (no helmet)
rElec   .          Harm     .   (no cloak)
rCorr   .          Rampage  .   (no gloves)
Will    .....                   o - +0 pair of boots
Stlth   ++........              (no amulet)
HPRegen 0.00/turn               (no ring)
MPRegen 0.11/turn               (no ring)

@: very slightly contaminated, inhibited regen
A: claws 1, cold resistance 1, negative energy resistance 3, inhibited
regeneration, torment resistance 2, devour on kill
a: no special abilities


You were on level 4 of the Dungeon.
You visited 1 branch of the dungeon, and saw 4 of its levels.

You collected 64 gold pieces.

Inventory:

Hand Weapons
 k - a +3 dagger (weapon)
Armour
 a - a +0 robe (worn)
 o - a +0 pair of boots (worn)
Scrolls
 c - a scroll of identify
 d - a scroll of blinking
 e - a scroll of teleportation
Potions
 f - a potion of ambrosia {unknown}
 g - a potion of might {unknown}
 h - 2 potions of berserk rage {unknown}
 i - a potion of degeneration
 j - a potion of cancellation
 m - a potion of attraction


   Skills:
 + Level 2.2 Fighting
 - Level 1.7 Dodging
 - Level 2.1 Stealth
 * Level 3.3 Spellcasting
 - Level 4.0 Necromancy


You had 8 spell levels left.
You knew the following spells:

 Your Spells              Type           Power      Damage    Failure   Level
a - Necrotize             Necr           44%        1d6       4%          1

Your spell library contained the following spells:

 Spells                   Type           Power      Damage    Failure   Level
 Vampiric Draining        Necr           11%        2d6       14%         3
 Animate Dead             Necr           11%        N/A       41%         4
 Conjure Flame            Conj/Fire      2%         6-21      56%         3
 Ignite Poison            Fire/Tmut/Pois 2%         N/A       56%         3
 Agony                    Necr           11%        N/A       77%         5
 Sticky Flame             Conj/Fire      2%         2d3       93%         4


Dungeon Overview and Level Annotations

Branches:
Dungeon (4/15)
 Temple: D:4-7

Altars:

Annotations:
D:3 Robin


Innate Abilities, Weirdness & Mutations

You are immune to poison.
You have sharp fingernails.
Your flesh is cold resistant. (rC+)
You are immune to negative energy. (rN+++)
You do not regenerate when monsters are visible.
You are immune to unholy pain and torment.
You thrive by killing the living.


Message History

There is a stone staircase leading down here.
The goblin no longer looks unusually strong.
The goblin hits you with a +0 club.
* * * LOW HITPOINT WARNING * * *
You climb downwards.
Found a scroll of immolation.
There is a stone staircase leading up here.
You are too injured to fight recklessly!
Casting: Necrotize (safe; 4% risk of failure)
Confirm with . or Enter, or press ? or * to list all spells.
Aiming: Necrotize (safe; 4% risk of failure)
Press: ? - help, Shift-Dir - straight line, f - goblin
Aim: a goblin, wielding a +0 club (chance to affect: 80%)
The goblin writhes in agony.
You kill the goblin!
The dead are walking!
The kobold shouts!
The iguana hisses angrily.
The endoplasm quivers.
Casting: Necrotize (safe; 4% risk of failure)
Confirm with . or Enter, or press ? or * to list all spells.
Aiming: Necrotize (safe; 4% risk of failure)
Press: ? - help, Shift-Dir - straight line, f - endoplasm
Aim: an endoplasm (ally target, chance to affect: 80%)
You miscast Necrotize.
You are very lightly contaminated with residual magic.
Nothing appears to happen.
Unknown command.
Okay, then.
Magic courses through your body.
The endoplasm hits you but does no damage.
Casting: Necrotize (safe; 4% risk of failure)
Confirm with . or Enter, or press ? or * to list all spells.
Aiming: Necrotize (safe; 4% risk of failure)
Press: ? - help, Shift-Dir - straight line, f/p - endoplasm
Aim: an endoplasm (ally target, chance to affect: 80%)
The endoplasm writhes in agony.
Your goblin skeleton barely misses the endoplasm.
The kobold throws a stone.
The stone hits your goblin skeleton. The endoplasm barely misses you.
The iguana bites you!
You die...

####..#.......
##..#..........
..............
............##
.............##
...............
......)l..?....
.......@...#
.......ZJ...#
##......K....#
#..##..........
.. #.....#....
. ##....##...
#..#.# .#.
...### .


You could see an iguana, an endoplasm (ally target), a kobold and a friendly
goblin skeleton.

Vanquished Creatures
  2 adders (D:2)
  3 worms (D:2)
  2 dart slugs
  3 endoplasms
  2 giant cockroaches (D:1)
  9 goblins
  6 hobgoblins
  A quokka (D:1)
  A ball python (D:1)
  8 bats
  3 frilled lizards
  4 kobolds
  7 rats
51 creatures vanquished.

Vanquished Creatures (collateral kills)
  2 goblins
2 creatures vanquished.

Grand Total: 53 creatures vanquished

Notes
Turn   | Place    | Note
-------+----------+-------------------------------------------
     0 | D:1      | oldriver the Ghoul Necromancer began the quest for the Orb.
     0 | D:1      | Reached XP level 1. HP: 14/14 MP: 2/2
   335 | D:1      | Reached XP level 2. HP: 22/22 MP: 0/4
   504 | D:1      | Reached skill level 1 in Fighting
   995 | D:1      | Reached XP level 3. HP: 28/28 MP: 1/5
  1120 | D:1      | Found a faded altar of an unknown god.
  2057 | D:2      | Reached XP level 4. HP: 36/36 MP: 0/7
  2828 | D:3      | Noticed Robin
  2869 | D:4      | Slain by an iguana

Illustrated notes

Levels and vault maps discovered:
D:1:      lemuel_arrival_rhombus, layout_loops_ring,
          shapermc_ecumenical_altar_gd, minmay_quantized
D:2:      layout_basic
D:3:      layout_basic, fedhas_altar_2, due_unseen_surprise, uniq_robin
D:4:      layout_cave_pools

Skill      XL: |  1  2  3 |
---------------+----------+-----
Spellcasting   | 2 3 |  3.3
Fighting       | 1 2 |  2.2
Dodging        | |  1.7
Stealth        | |  2.1
Necromancy     | |  4.0

Action                   |  1- 3 |  4- 6 || total
-------------------------+-------+-------++-------
Melee: Unarmed           |    16 |       ||    16
       Dagger            |     3 |    10 ||    13
 Cast: Necrotize         |    87 |    39 ||   126
  Use: Scroll            |       |     8 ||     8
       Potion            |       |     1 ||     1
Armor: Robe              |     7 |     6 ||    13
Dodge: Dodged            |    19 |    10 ||    29

Table legend: (Time is in decaauts)
 A = Elapsed time spent in this place.
 B = Non-inter-level travel time spent in this place.
 C = Inter-level travel time spent in this place.
 D = Time resting spent in this place.
 E = Time spent auto-exploring this place.
 F = Levels seen in this place.
 G = Mean time per level.
                   A        B        C        D        E       F      G
               +--------+--------+--------+--------+--------+-----+--------+
         Total |   2867 |   2756 |    111 |     41 |   2311 |   4 |  716.8 |
       Dungeon |   2867 |   2756 |    111 |     41 |   2311 |   4 |  716.8 |
               +--------+--------+--------+--------+--------+-----+--------+

Top non-repeatable levels by time:
     D:1: 1440 daAuts
     D:2: 1212 daAuts
     D:3: 211 daAuts
     D:4: 3 daAuts
